AoeStats
← ITVE | Brayanso81

Arabia

504226212Analyzed
1v1 RM · 26d ago on Sep 4, 2026· 49m 53s· 2 players
Game mode
Random Map
Map size
Tiny (2 player)
Population
200
Speed
Normal
Resources
Standard
Victory
Conquest
Starting age
Dark Age
Ending age
Imperial Age
RankedLock teamsTeams togetherTeam positionsShared explorationLock speedFull tech treeHidden civsTurbo modeCheats
Victory
Defeat
🇦🇷 Vikings · Argentina
1095
+16
🇻🇪 Tatars · Venezuela
1101
-16
ferrossi405
3:29 Loom
11:31 Feudal Age
17:26 Castle Age
15:23 Double-Bit Axe
15:20 Horse Collar
22:20 Fletching
22:36 Town Watch
24:02 Bodkin Arrow
25:01 Ballistics
24:57 Town Patrol
27:45 Padded Archer Armor
27:45 Crossbowman
29:47 Leather Archer Armor
33:08 Imperial Age
33:19 Arbalester
35:23 Chemistry
35:25 Conscription
36:18 Bracer
37:23 Murder Holes
37:43 Fortified Wall
37:47 Forging
37:38 Scale Mail Armor
37:02 Man-at-Arms
37:30 Gambesons
37:46 Squires
37:33 Arson
39:05 Iron Casting
39:04 Ring Archer Armor
40:17 Chain Mail Armor
41:32 Iron Casting
41:58 Plate Mail Armor
43:03 Bogsveigar
42:29 Man-at-Arms
42:29 Pikeman
44:23 Blast Furnace
43:55 Bow Saw
44:21 Chieftains
44:51 Long Swordsman
46:31 Hoardings
45:33 Two-Handed Swordsman
46:07 Gold Mining
46:39 Masonry
46:33 Heavy Plow
48:11 Two-Man Saw
ITVE | Brayanso81
7:19 Loom
9:54 Feudal Age
10:28 Double-Bit Axe
10:35 Gold Mining
14:57 Town Watch
22:47 Castle Age
21:41 Fletching
23:45 Bow Saw
24:12 Gold Shaft Mining
23:27 Crossbowman
25:57 Wheelbarrow
27:19 Bodkin Arrow
28:00 Town Patrol
29:46 Bloodlines
29:40 Stone Mining
30:43 Horse Collar
32:45 Heavy Plow
36:53 Imperial Age
34:28 Husbandry
35:52 Hand Cart
36:58 Heavy Cavalry Archer
40:09 Chemistry
39:15 Bracer
39:21 Scale Barding Armor
39:17 Padded Archer Armor
40:45 Heavy Scorpion
42:38 Conscription
42:32 Elite Keshik
46:20 Leather Archer Armor
46:18 Forging
46:29 Chain Barding Armor
48:10 Iron Casting
Connection lost

Rejoining the realm…

Still unreachable

The connection could not be restored.

Session expired

The server has moved on; the page needs a fresh start.